AoeStats
← Juyhou

MegaRandom

507488394Analyzed
3v3 RM · 15d ago on Sep 18, 2026· 45m 52s· 6 players
Game mode
Random Map
Map size
Normal (6 player)
Population
200
Speed
Normal
Resources
Standard
Victory
Conquest
Starting age
Dark Age
Ending age
Imperial Age
RankedLock teamsTeams togetherTeam positionsShared explorationLock speedFull tech treeHidden civsTurbo modeCheats
Victory
Defeat
🇫🇮 Wu · Finland
1684
+13
🇫🇮 Maya · Finland
1563
+18
🇫🇮 Mongols · Finland
1470
+22
🇩🇪 Byzantines · Germany
1669
-20
🇨🇭 Italians · Switzerland
1644
-19
🇩🇪 Persians · Germany
1516
-14
Pyrrhos
0:31 Loom
7:44 Feudal Age
8:49 Double-Bit Axe
9:20 Gold Mining
11:40 Scale Mail Armor
14:15 Forging
15:38 Horse Collar
18:54 Wheelbarrow
23:26 Castle Age
21:42 Arson
24:24 Chain Mail Armor
23:30 Eagle Warrior
24:28 Squires
29:22 Iron Casting
28:49 Town Watch
30:53 Bow Saw
36:47 Heavy Plow
43:13 Imperial Age
41:13 Stone Mining
42:49 Fletching
43:26 Hand Cart
44:25 Plate Mail Armor
43:45 Elite Eagle Warrior
Vaku
7:53 Feudal Age
6:11 Loom
9:08 Double-Bit Axe
11:18 Horse Collar
13:44 Fletching
18:42 Padded Archer Armor
21:55 Castle Age
20:19 Gold Mining
23:34 Bow Saw
23:22 Bodkin Arrow
25:45 Wheelbarrow
26:03 Bloodlines
25:53 Husbandry
26:42 Ballistics
28:22 Heavy Plow
28:41 Town Watch
34:54 Imperial Age
33:22 Leather Archer Armor
35:43 Hand Cart
34:55 Capped Ram
35:40 Bracer
35:49 Thumb Ring
36:10 Parthian Tactics
37:59 Conscription
38:45 Drill
38:05 Siege Ram
40:28 Chemistry
39:39 Masonry
40:20 Heavy Cavalry Archer
43:00 Elite Mangudai
44:04 Stone Mining
Juyhou
0:29 Loom
9:26 Feudal Age
9:28 Man-at-Arms
10:11 Double-Bit Axe
14:27 Horse Collar
15:32 Fletching
16:32 Padded Archer Armor
16:39 Arson
22:51 Castle Age
21:57 Gold Mining
22:51 Crossbowman
23:37 Bodkin Arrow
28:18 Bow Saw
30:19 Wheelbarrow
31:08 Town Watch
34:48 Imperial Age
34:30 Ballistics
35:29 Bracer
36:59 Chemistry
36:55 Arbalester
38:54 Conscription
40:46 Leather Archer Armor
41:10 Heavy Plow
41:22 Stone Mining
42:08 Gold Shaft Mining
42:10 Elite Fire Archer
{ BP } Käpt`n Iglo
0:29 Loom
8:00 Feudal Age
8:42 Double-Bit Axe
11:34 Fletching
12:41 Padded Archer Armor
14:59 Horse Collar
22:23 Castle Age
20:19 Gold Mining
22:27 Crossbowman
23:02 Bodkin Arrow
24:35 Wheelbarrow
30:39 Imperial Age
28:48 Ballistics
29:15 Gold Shaft Mining
29:12 Thumb Ring
31:22 Bracer
37:16 Chemistry
39:33 Arbalester
43:48 Elite Skirmisher
44:50 Leather Archer Armor
Schantiiniiii
0:44 Loom
9:30 Feudal Age
12:42 Fletching
12:42 Double-Bit Axe
18:03 Padded Archer Armor
20:07 Town Watch
22:41 Castle Age
20:58 Gold Mining
23:20 Bodkin Arrow
22:47 Crossbowman
25:19 Ballistics
30:05 Town Watch
34:35 Imperial Age
33:04 Bow Saw
33:42 Horse Collar
35:19 Bracer
36:24 Chemistry
35:48 Arbalester
38:26 Scale Mail Armor
41:14 Thumb Ring
Senetar
4:42 Loom
8:21 Feudal Age
8:49 Double-Bit Axe
13:46 Horse Collar
14:36 Town Watch
15:29 Wheelbarrow
16:55 Scale Barding Armor
17:01 Forging
24:39 Castle Age
24:15 Bloodlines
24:28 Light Cavalry
38:20 Chain Barding Armor
41:04 Bow Saw
44:02 Heavy Plow
Connection lost

Rejoining the realm…

Still unreachable

The connection could not be restored.

Session expired

The server has moved on; the page needs a fresh start.